 Dungeon Crawl Stone Soup version 0.29-a0-334-gb41bcbb86e (webtiles) character file.

Game seed: 16039296346967665321

255 BritishOli the Skirmisher (level 5, -2/37 (43) HPs)
             Began as a Demonspawn Monk on Apr 14, 2022.
             Was a Believer of Okawaru.
             Slain by a wight
             ... wielding a +5 mace of freezing
              (11 damage)
             ... on level 6 of the Dungeon.
             The game lasted 00:08:42 (4410 turns).

BritishOli the Skirmisher (Demonspawn Monk)         Turns: 4410, Time: 00:08:42

HP:   -2/37 (43)    AC:  8    Str: 13    XL:     5   Next: 91%
MP:   5/5           EV: 14    Int: 11    God:    Okawaru [**....]
Gold: 106           SH:  4    Dex: 21    Spells: 4/4 levels left

rFire   . . .      SeeInvis .   a - +0 falchion
rCold   . . .      Faith    .   (no shield)
rNeg    . . .      Spirit   .   h - +4 leather armour of Suasa {Dex+5}
rPois   .          Reflect  .   n - +0 helmet
rElec   .          Harm     .   (no cloak)
rCorr   .          Rampage  .   (no gloves)
Will    .....                   (no boots)
Stlth   ++........              (no amulet)
HPRegen 0.12/turn               (no ring)
MPRegen 0.09/turn               (no ring)

@: heavily drained
A: large bone plates 1, spiny 1
a: Renounce Religion, Heroism


You were on level 6 of the Dungeon.
You worshipped Okawaru.
Okawaru was pleased with you.
You visited 2 branches of the dungeon, and saw 7 of its levels.

You collected 246 gold pieces.
You spent 140 gold pieces at shops.

Inventory:

Hand Weapons
 a - a +0 falchion (weapon)
Missiles
 f - 2 javelins (quivered)
 k - 8 boomerangs
Armour
 h - the +4 leather armour of Suasa (worn) {Dex+5}
   (You found it on level 2 of the Dungeon)

   Dex:       It affects your dexterity (+5).
 n - a +0 helmet (worn)
Jewellery
 m - a ring of ice
 q - a ring of ice
Wands
 p - a wand of iceblast (10)
 s - a wand of digging (6)
Scrolls
 b - 3 scrolls of enchant armour
 i - a scroll of vulnerability {unknown}
 j - 2 scrolls of teleportation
 l - 3 scrolls of identify
Potions
 c - 2 potions of ambrosia
 d - 2 potions of heal wounds {unknown}
 e - 2 potions of attraction {unknown}
 g - 3 potions of curing
 o - a potion of resistance {unknown}
 r - a potion of flight {unknown}


   Skills:
 + Level 4.4 Fighting
 + Level 4.0 Long Blades
 + Level 4.0 Dodging
 - Level 2.2 Stealth


You had 4 spell levels left.
You didn't know any spells.
Your spell library contained the following spells:

 Spells                   Type           Power      Damage    Failure   Level
 Static Discharge         Conj/Air       0%         N/A       56%         2
 Fulminant Prism          Conj/Hex       0%         3d6       99%         4
 Iskenderun's Mystic Bla  Conj/Tloc      0%         2d3       99%         4
 Lee's Rapid Deconstruct  Erth           0%         3d5*      100%        5
 Lightning Bolt           Conj/Air       0%         1d11      100%        5
 Maxwell's Capacitive Co  Air            0%         ∞         100%        8


Dungeon Overview and Level Annotations

Branches:
Dungeon (6/15)             Temple (1/1) D:4

Altars:
Cheibriados
Elyvilon
Gozag
Kikubaaqudgha
Makhleb
Nemelex Xobeh
Okawaru
Ru
Sif Muna
Vehumet
Wu Jian
Zin
Lugonu

Shops:
D:4 *?(?=

Annotations:
D:2 Sigmund


Innate Abilities, Weirdness & Mutations

You are partially covered in large bone plates. (SH +4)
You are partially covered in sharp spines.


Message History

You now have 104 gold pieces (gained 1).
You now have 105 gold pieces (gained 1).
You now have 106 gold pieces (gained 1).
A wight comes into view.
It is wielding a +3 spear. 2 wights come into view.
A wight is wielding a +5 mace of freezing.
A wight comes into view.
It is wielding a +1 short sword of venom.
The wight hits you but does no damage.
You hit the wight but do no damage.
The wight hits you with a +5 mace of freezing.
You feel drained. The wight freezes you. The wight closely misses you.
You hit the wight.
The wight is moderately damaged.
The wight barely misses you.
The wight hits you from afar with a +3 spear.
You feel drained.
You closely miss the wight.
The wight is moderately damaged.
The wight hits you with a +5 mace of freezing.
You feel drained. The wight freezes you. The wight closely misses you.
You barely miss the wight.
The wight is moderately damaged.
The wight is struck by your spines.
The wight hits you with a +5 mace of freezing.
You feel drained. The wight freezes you. You block the wight's attack.
The wight attacks as you move away! The wight is struck by your spines.
The wight hits you with a +5 mace of freezing.
You feel drained. The wight freezes you.
There is a stone staircase leading down here.
The wight hits you with a +5 mace of freezing!
* * * LOW HITPOINT WARNING * * *
The wight freezes you.
* * * LOW HITPOINT WARNING * * *
You block the wight's attack.
You climb downwards.
Found 20 stones and a scroll of teleportation.
There is a stone staircase leading up here.
It was a potion of curing.
You feel better.
The wight hits you with a +5 mace of freezing!
You die...

######### #
#..?....#.# #
##.......#(#.##
...............
#............
#......#
#...@..#
#...z..#
#.##.#.# #
#.#.# #.# # #..
###


You could see a wight.

Vanquished Creatures
  A hound (D:4)
  An orc priest (D:4)
  Ijyb (D:4)
  2 iguanas
  4 adders
  3 worms (D:2)
  A dart slug (D:4)
  5 bats
  8 endoplasms
  4 giant cockroaches
  2 goblins
  7 hobgoblins
  11 jackals
  3 quokkas (D:1)
  4 ball pythons
  6 kobolds
  5 rats
68 creatures vanquished.

Vanquished Creatures (others)
  A hobgoblin (D:4)
1 creature vanquished.

Grand Total: 69 creatures vanquished

Notes
Turn   | Place    | Note
-------+----------+-------------------------------------------
     0 | D:1      | BritishOli the Demonspawn Monk began the quest for the Orb.
     0 | D:1      | Reached XP level 1. HP: 18/18 MP: 1/1
   296 | D:1      | Gained mutation: You are partially covered in large bone
                  | plates. (SH +4) [demonic ancestry]
   296 | D:1      | Reached XP level 2. HP: 19/24 MP: 2/2
   837 | D:1      | Reached XP level 3. HP: 29/29 MP: 3/3
  1184 | D:1      | Found a faded altar of an unknown god.
  1224 | D:2      | Identified the +4 leather armour of Suasa {Dex+5}
  1945 | D:2      | Reached XP level 4. HP: 25/36 MP: 4/4
  2131 | D:2      | Noticed Sigmund
  2540 | D:3      | Found an ancient bone altar of Kikubaaqudgha.
  3183 | D:4      | Gained mutation: You are partially covered in sharp spines.
                  | [demonic ancestry]
  3183 | D:4      | Reached XP level 5. HP: 39/42 MP: 5/5
  3260 | D:4      | Found Ref Nyel's General Store.
  3266 | D:4      | Found a staircase to the Ecumenical Temple.
  3307 | Temple   | Entered the Ecumenical Temple
  3385 | D:4      | Bought a scroll of teleportation for 36 gold pieces
  3398 | D:4      | Found Donus's Antique Weapon Shoppe.
  3545 | D:4      | Noticed Ijyb
  3558 | D:4      | Killed Ijyb
  3684 | D:4      | Found an iron altar of Okawaru.
  3733 | D:4      | Became a worshipper of Warmaster Okawaru
  3733 | D:4      | Reached * piety under Okawaru
  3733 | D:4      | Reached ** piety under Okawaru
  3781 | D:4      | Found Ickyduiw's Magic Scroll Shop.
  3784 | D:4      | Bought a scroll of identify for 22 gold pieces
  3784 | D:4      | Bought a scroll of enchant armour for 82 gold pieces
  3847 | D:4      | Found Vanylu's Jewellery Shop.
  3938 | D:4      | Found Beicem's Magic Scroll Boutique.
  4306 | D:4      | Found a shimmering blue altar of Sif Muna.
  4356 | D:5      | Entered Level 5 of the Dungeon
  4380 | D:5      | Found an opulent altar of Gozag.
  4410 | D:6      | Slain by a wight

Illustrated notes

Levels and vault maps discovered:
D:1:      wander_arrival_fairy_ring, layout_loops_ring,
          shapermc_ecumenical_altar_hornbeckon
D:2:      layout_rooms, uniq_sigmund
D:3:      layout_loops_cross, mainiacjoe_overflow_small_starburst
D:4:      layout_loops_ring, led_sif_pool, old_standard_altar, temple_green,
          serial_shops, kennysheep_little_box, nicolae_shop_behind_doors,
          nicolae_stop_n_shop_1, nicolae_shop_waterfront,
          kennysheep_small_circle, uniq_ijyb
D:5:      layout_basic, mainiacjoe_overflow_alcove_1, tso_oasis_becter,
          grunt_gozag_breadcrumbs, gammafunk_ghost_smash
D:6:      layout_basic, kennysheep_mini_moat, lemuel_crystal_altar,
          mainiacjoe_overflow_24_doors
Temple:   corrupted_temple

Skill      XL: |  1  2  3  4  5 |
---------------+----------------+-----
Stealth        | 2 |  2.2
Long Blades    | 3 4 |  4.0
Dodging        | 3 4 |  4.0
Fighting       | 4 |  4.4

Action                   |  1- 3 |  4- 6 || total
-------------------------+-------+-------++-------
Melee: Falchion          |   142 |   103 ||   245
       Punch             |     2 |     1 ||     3
  Use: Potion            |       |     1 ||     1
 Stab: Sleeping          |     4 |     8 ||    12
Armor: Robe              |    15 |       ||    15
       Leather armour    |    16 |    38 ||    54
Dodge: Dodged            |    93 |    49 ||   142
Block: Other             |    26 |    20 ||    46

Table legend: (Time is in decaauts)
 A = Elapsed time spent in this place.
 B = Non-inter-level travel time spent in this place.
 C = Inter-level travel time spent in this place.
 D = Time resting spent in this place.
 E = Time spent auto-exploring this place.
 F = Levels seen in this place.
 G = Mean time per level.
                   A        B        C        D        E       F      G
               +--------+--------+--------+--------+--------+-----+--------+
         Total |   4451 |   4283 |    168 |    545 |   3091 |   7 |  635.9 |
       Dungeon |   4401 |   4244 |    157 |    545 |   3066 |   6 |  733.5 |
        Temple |     49 |     38 |     11 |      0 |     25 |   1 |   49.0 |
               +--------+--------+--------+--------+--------+-----+--------+

Top non-repeatable levels by time:
     D:1: 1469 daAuts
     D:4: 1148 daAuts
     D:3: 972 daAuts
     D:2: 757 daAuts
     D:5: 53 daAuts
  Temple: 49 daAuts
     D:6: 0 daAuts
